 Dungeon Sprint DCSS version 0.31-a0-640-g39d97e502b (webtiles) character file.

Game seed: 1628085449355199610

12290 Revguard the Fighter (level 11, -31/107 HPs)
             Began as a Ghoul Fighter on Aug 28, 2023.
             Was a Follower of Yredelemnul.
             Killed from afar by a pearl dragon (43 damage)
             ... with a blast of cleansing flame
             ... in the Dungeon (Sprint V: "Ziggurat Sprint").
             The game lasted 00:16:04 (1359 turns).

Revguard the Fighter (Ghoul Fighter)                Turns: 1359, Time: 00:16:06

Health: -31/107    AC: 32    Str: 33    XL:     11   Next: 91%
Magic:  19/19      EV: 11    Int: 10    God:    Yredelemnul [*.....]
Gold:   0          SH: 34    Dex: 10    Spells: 10/10 levels left

rFire   . . .        E - +6 shillelagh "Devastator" {shatter}
rCold   + . .        C - +18 shield of the Gong {Loud rN+ Will+ rCorr EV-5}
rNeg    + + +        B - +15 Maxwell's patent armour {-Cast -Tele rElec Will+ rCorr}
rPois   ∞            N - +1 helmet {Int+3}
rElec   +            (no cloak)
rCorr   +            (no gloves)
SInv    +            (no boots)
Will    ++...        O - amulet of Wiuhodam {Reflect rPois Str+4 SH+5 SInv} Stlth
                     A - +6 ring of strength
HPRegen 0.00/turn    M - ring of the Fifty Orbs {EV+5 Int+4}
MPRegen 0.16/turn

%: no teleportation, no spellcasting, reflection
@: inhibited regen, glowing, studying Long Blades
A: claws 1, cold resistance 1, negative energy resistance 3, inhibited
regeneration, torment resistance 2, devour on kill
a: Renounce Religion, Recall Undead Harvest


You were in the Dungeon.
You worshipped Yredelemnul.
Yredelemnul was pleased with you.
You visited 1 branch

Inventory:

Hand Weapons
 a - a +0 flail
 D - the +10 dark maul {heavy}
   (You found it in the Dungeon)
 E - the +6 shillelagh "Devastator" (weapon) {shatter}
   (You found it in the Dungeon)
Armour
 B - the +15 Maxwell's patent armour (worn) {-Cast -Tele rElec Will+ rCorr}
   (You found it in the Dungeon)

   rElec:     It insulates you from electricity.
   Will+:     It increases your willpower.
   -Cast:     It prevents spellcasting.
   -Tele:     It prevents most forms of teleportation.
   rCorr:     It protects you from acid and corrosion.
 C - the +18 shield of the Gong (worn) {Loud rN+ Will+ rCorr EV-5}
   (You found it in the Dungeon)

   Loud:      It is deafeningly noisy when blocking attacks.
   EV-5:      It affects your evasion (-5).
   rN+:       It protects you from negative energy.
   Will+:     It increases your willpower.
   rCorr:     It protects you from acid and corrosion.
 N - a +1 helmet of intelligence (worn)
Jewellery
 b - an amulet of magic regeneration
 c - a ring of see invisible
 A - a +6 ring of strength (left claw)
 M - the ring of the Fifty Orbs (right claw) {EV+5 Int+4}
   (You found it in the Dungeon)

   [ring of evasion]

   EV+5:      It affects your evasion (+5).
   Int+4:     It affects your intelligence (+4).
 O - the amulet of Wiuhodam (around neck) {Reflect rPois Str+4 SH+5 SInv}
   (You found it in the Dungeon)

   [amulet of reflection]

   Reflect:   It reflects blocked missile attacks.
   Str+4:     It affects your strength (+4).
   rPois:     It protects you from poison SInv: It lets you see invisible.
   SH+5:      It affects your SH (+5).
Wands
 m - a wand of flame (15)
 r - a wand of mindburst (7)
 s - a wand of iceblast (27)
 t - a wand of quicksilver (12)
 L - a wand of paralysis (10)
Scrolls
 i - 4 scrolls of blinking
 n - 4 scrolls of amnesia
 o - 7 scrolls of fog
 p - 5 scrolls of identify
 q - 2 scrolls of fear
 I - a scroll of brand weapon
Potions
 d - 6 potions of might
 e - 10 potions of curing
 f - 8 potions of heal wounds
 g - 6 potions of haste
 h - 7 potions of magic
 j - 2 potions of brilliance
 k - 2 potions of invisibility
 l - 4 potions of resistance


   Skills:
 + Level 13.1 Fighting
 + Level 10.9 Maces & Flails
 + Level 10.8 Armour
 + Level 10.3 Dodging
 + Level 10.7 Shields
 + Level 12.2 Invocations
 + Level 10.4 Evocations


You had 10 spell levels left.
You didn't know any spells.
Your spell library contained the following spells:

 Spells                   Type           Power      Damage    Failure   Level
 Foxfire                  Conj/Fire      0%         2x1d4     97%         1
 Cigotuvi's Dreadful Rot  Necr/Pois/Air  0%         N/A       99%         2
 Poisonous Vapours        Pois/Air       0%         N/A       99%         2
 Dazzling Flash           Conj/Hex       0%         N/A       100%        3
 Hailstorm                Conj/Ice       0%         3d3       100%        3
 Inner Flame              Hex/Fire       0%         N/A       100%        3
 Mephitic Cloud           Conj/Pois/Air  0%         N/A       100%        3
 Ozocubu's Armour         Ice            0%         N/A       100%        3
 Volatile Blastmotes      Fire/Tloc      0%         2d10      100%        3
 Dispel Undead            Necr           0%         3d6       100%        4
 Flame Wave               Conj/Fire      0%         2d4       100%        4
 Sticky Flame             Conj/Fire      0%         2d3       100%        4
 Vhi's Electric Charge    Tloc/Air       0%         N/A       100%        4
 Arcjolt                  Conj/Air       0%         1d10      100%        5
 Freezing Cloud           Conj/Ice/Air   0%         6-21      100%        5
 Metabolic Englaciation   Hex/Ice        0%         N/A       100%        5
 Yara's Violent Unravell  Hex/Tmut       0%         3d3       100%        5
 Plasma Beam              Fire/Air       0%         2x1d10    100%        6
 Starburst                Conj/Fire      0%         6d3       100%        6
 Maxwell's Capacitive Co  Air            0%         ∞         100%        8
 Polar Vortex             Ice            0%         N/A       100%        9
 Death Channel            Necr           Unusable   N/A       N/A         6
 Simulacrum               Ice/Necr       Unusable   N/A       N/A         6

Dungeon Overview and Level Annotations

Branches:
Dungeon (1/1)

Altars:
Ashenzari
Cheibriados
Dithmenos
Fedhas
Gozag
Hepliaklqana
Kikubaaqudgha
Makhleb
Nemelex Xobeh
Okawaru
Qazlal
Ru
Sif Muna
Trog
Uskayaw
Vehumet
Wu Jian
Xom
Yredelemnul
Jiyva
Lugonu


Innate Abilities, Weirdness & Mutations

You are immune to poison.
You have sharp fingernails.
Your flesh is cold resistant. (rC+)
You are immune to negative energy. (rN+++)
You do not regenerate when monsters are visible.
You are immune to unholy pain and torment.
You thrive by killing the living.


Message History

The pearl dragon claws you but does no damage.
The daeva blocks your attack.
The daeva is heavily wounded.
You block the daeva's attack.
SHROANNG!
You block the daeva's attack.
BONNNG!
You block the pearl dragon's attack.
SHROANNG!
You block the pearl dragon's attack.
GONNNNG!
Your spectral cherub hits the daeva.
The daeva blocks your spectral cherub's attack.
Okay, then.
The daeva blocks your attack.
The daeva is severely wounded.
You block the pearl dragon's attack.
PTOANNNG!
The pearl dragon claws you but does no damage.
You block the daeva's attack.
GONNNNG!
You block the daeva's attack.
SHROANNG!
The daeva blocks your spectral cherub's attack.
Your spectral cherub hits the daeva but does no damage.
Aiming: Mindburst
Press: ? - help, Shift-Dir - straight line, f - pearl dragon, p - daeva
Aim: a pearl dragon (lightly wounded, haloed, chance to affect: 1%)
Okay, then.
Aiming: Quicksilver Bolt
Press: ? - help, Shift-Dir - straight line, f/p - daeva
Aim: a daeva, wielding a +5 scimitar of holy wrath and wearing a +0 tower shield (severely wounded, strong, not watching you, ally target, haloed, 73% to hit)
The bolt of dispelling energy hits the daeva!
The daeva is severely wounded.
The daeva's magical effects unravel!
The pearl dragon breathes cleansing flame at you.
The blast of cleansing flame engulfs you!!!
You writhe in agony!
You die...
You join the legions of the undead harvest.

▓..=|=|):[..▓▓▓▓▓▓▓▓▓▓
▓.../))=[...▓...8©8...
▓...........▓...|.....
▓...........▓...|[....
▓...........▓.........
...........▓....)....
▓..Z..▓ ▓.........
▓▓AD.▓▓ ▓.........
▓..▓.@...▓..▓.▓.....▓.
▓.....©.....▓....©....
▓▓▓▓▓▓▓▓▓▓▓▓▓▓▓▓▓▓▓▓▓▓
▓...8©8...▓...8©8...▓.
▓..:...):.▓...|.)...▓.
▓..)..[|..▓..)==))..▓.
▓.........▓.........▓.
▓.........▓.........▓.
▓.........▓...))....▓.


You could see a daeva (ally target), a pearl dragon (catching breath) and a
friendly spectral cherub.

Vanquished Creatures
  An azure jelly (D)
  An apis (D)
  Erolcha (D)
  Erica (D)
  An orc high priest (D)
  A cherub (D)
  2 orc knights (D)
  A shining eye (D)
  An eye of devastation (D)
  A red devil (D)
  A hellwing (D)
  A troll (D)
  2 merfolk (D)
  2 slime creatures (D)
  Sigmund (D)
  A fire elemental (D)
  A golden eye (D)
  Eustachio (D)
  A slime creature zombie (D)
  A merfolk zombie (D)
  3 hell hounds (D)
  Duvessa (D)
  A floating eye (D)
  An orc warrior (D)
  2 human zombies (D)
  2 phantoms (D)
  Blork the orc (D)
  2 hell hound zombies (D)
  3 necrophages (D)
  A wight (D)
  Dowan (D)
  A quasit (D)
  An ogre zombie (D)
  3 jellies (D)
  Crazy Yiuf (D)
  An orc priest (D)
  An iron imp (D)
  Jessica (D)
  An orc wizard (D)
  A spectral crimson imp (D)
  An elf zombie (D)
  2 shadow imps (D)
  2 white imps (D)
  A gnoll zombie (D)
  5 jelly zombies (D)
  An adder skeleton (D)
  A spectral shadow imp (D)
  2 orcs (D)
  2 bat zombies (D)
  2 endoplasms (D)
  2 ball python zombies (D)
  2 endoplasm zombies (D)
  A giant cockroach zombie (D)
  4 orc zombies (D)
  A quokka skeleton (D)
  A quokka zombie (D)
82 creatures vanquished.

Vanquished Creatures (collateral kills)
  Gastronok (D)
  2 orc sorcerers (D)
  An eye of devastation (D)
  A merfolk (D)
  A troll (D)
  A slime creature (D)
  A fire elemental (D)
  A golden eye (D)
  Edmund (D)
  2 ogres (D)
  A crimson imp (D)
  A quasit (D)
  3 jellies (D)
17 creatures vanquished.

Vanquished Creatures (others)
  An azure jelly zombie (D)
  A spectral hellwing (D)
  A hell hound zombie (D)
  A spectral quasit (D)
  A human zombie (D)
  3 orc zombies (D)
8 creatures vanquished.

Grand Total: 107 creatures vanquished

Notes
Turn   | Place    | Note
-------+----------+-------------------------------------------
     0 | D        | Revguard the Ghoul Fighter began the quest for the Orb.
     0 | D        | Reached XP level 1. HP: 19/19 MP: 0/0
     0 | D        | Found a shimmering blue altar of Sif Muna.
     0 | D        | Found a bloodstained altar of Trog.
     0 | D        | Found a sacrificial altar of Ru.
     0 | D        | Found a stormy altar of Qazlal.
     0 | D        | Found an iron altar of Okawaru.
     1 | D        | Found a sparkling altar of Nemelex Xobeh.
     1 | D        | Found a blossoming altar of Fedhas.
     1 | D        | Found the +6 Majin-Bo {spellvamp, MP+6 Int+6}
     1 | D        | Found the +27 heavy crossbow "Sniper" {heavy, Acc+∞ SInv}
     1 | D        | Found the +10 dark maul {heavy}
     1 | D        | Found the +15 Maxwell's patent armour {-Cast -Tele rElec
                  | Will+ rCorr}
     1 | D        | Found the +18 shield of the Gong {Loud rN+ Will+ rCorr
                  | EV-5}
     1 | D        | Found the +16 obsidian axe {drain, demonic, Mesm Drain Fly
                  | SInv}
     1 | D        | Found the +7 great mace "Firestarter" {flame, immolate,
                  | rFlCloud rF++}
     1 | D        | Found the +6 shillelagh "Devastator" {shatter}
     1 | D        | Found the +11 plutonium sword {Contam Stlth-}
     1 | D        | Found the +8 lance "Wyrmbane" {slay drac, rPois rF+ rC+
                  | AC+3}
     1 | D        | Found the +9 sword of Zonguldrok {reap}
     1 | D        | Found the +13 scythe of Curses {drain, curses, Drain}
     1 | D        | Found the +9 sword of Power {lifebolt}
     1 | D        | Found the +7 mace of Variability {chaos, chaos arc}
     1 | D        | Found the +11 Singing Sword {sonic wave}
     1 | D        | Found the +8 storm bow {elec, penet}
     3 | D        | Found a transporter.
     3 | D        | Found an ancient bone altar of Kikubaaqudgha.
     3 | D        | Found a viscous altar of Jiyva.
     3 | D        | Found a corrupted altar of Lugonu.
     3 | D        | Found a hazy altar of Hepliaklqana.
     3 | D        | Found a burning altar of Makhleb.
     3 | D        | Found an opulent altar of Gozag.
    21 | D        | Banished a spatial maelstrom
    70 | D        | Became a worshipper of Yredelemnul the Dark
    85 | D        | Entered arena 2.
    85 | D        | Noticed Sigmund
    85 | D        | Noticed Jessica
    85 | D        | Found a transporter.
    88 | D        | Killed Jessica
    89 | D        | Reached skill level 4 in Fighting
    89 | D        | Reached skill level 1 in Dodging
    89 | D        | Reached skill level 1 in Evocations
    89 | D        | Reached XP level 2. HP: 27/27 MP: 0/2
    89 | D        | Reached XP level 3. HP: 33/33 MP: 0/3
    92 | D        | Killed Sigmund
    93 | D        | Reached skill level 5 in Fighting
    93 | D        | Reached XP level 4. HP: 44/44 MP: 0/6
    93 | D        | Reached XP level 5. HP: 50/50 MP: 0/7
    98 | D        | Got the Elucidation of the Gestalt and the Pyromaniac
   105 | D        | Reached skill level 7 in Fighting
   105 | D        | Reached skill level 5 in Maces & Flails
   105 | D        | Reached skill level 5 in Armour
   105 | D        | Reached skill level 5 in Shields
   105 | D        | Reached skill level 5 in Invocations
   105 | D        | Reached XP level 6. HP: 60/60 MP: 1/9
   109 | D        | Entered arena 3.
   109 | D        | Noticed a merfolk
   109 | D        | Noticed a merfolk
   109 | D        | Noticed a merfolk
   109 | D        | Found a transporter.
   112 | D        | Your ally Jessica died
   119 | D        | Killed a merfolk
   120 | D        | Reached skill level 5 in Dodging
   120 | D        | Reached skill level 5 in Evocations
   120 | D        | Reached XP level 7. HP: 20/66 MP: 3/10
   122 | D        | Killed a merfolk
   122 | D        | Reached * piety under Yredelemnul
   123 | D        | Reached skill level 8 in Fighting
   128 | D        | Killed a merfolk
   129 | D        | Reached XP level 8. HP: 37/75 MP: 4/12
   249 | D        | Entered arena 4.
   249 | D        | Found a transporter.
   253 | D        | Reached ** piety under Yredelemnul
   257 | D        | Got the amulet of Cowardice {Acrobat rF+}
   264 | D        | Entered arena 5.
   264 | D        | Found a transporter.
   279 | D        | Reached skill level 9 in Fighting
   282 | D        | Got the ring "Yppiafip" {Contam Str+3 Int+6 Dex+3}
   288 | D        | Entered arena 6.
   288 | D        | Found a transporter.
   296 | D        | Reached XP level 9. HP: 60/83 MP: 12/14
   365 | D        | Entered arena 7.
   366 | D        | Found a transporter.
   388 | D        | Entered arena 8.
   389 | D        | Found a transporter.
   459 | D        | Entered arena 9.
   459 | D        | Found the +3 greatsling "Punk" {acid, rCorr}
   460 | D        | Found a transporter.
   491 | D        | Entered arena 10.
   491 | D        | Noticed a hellwing
   491 | D        | Noticed a red devil
   492 | D        | Found a transporter.
   500 | D        | Reached skill level 10 in Fighting
   506 | D        | Killed a red devil
   511 | D        | Killed a hellwing
   521 | D        | Got Refugipt's Cyclopedia of the Scorching Crevasse
   530 | D        | Entered arena 11.
   530 | D        | Noticed Blork the orc
   530 | D        | Noticed Crazy Yiuf
   530 | D        | Noticed Dowan
   530 | D        | Noticed Duvessa
   530 | D        | Noticed Edmund
   530 | D        | Noticed Erica
   530 | D        | Noticed Erolcha
   530 | D        | Noticed Eustachio
   530 | D        | Noticed Gastronok
   531 | D        | Found a transporter.
   535 | D        | Killed Blork the orc
   535 | D        | Killed Crazy Yiuf
   536 | D        | Killed Dowan
   536 | D        | Killed Erica
   537 | D        | Reached XP level 10. HP: 79/94 MP: 14/16
   539 | D        | Killed Erolcha
   540 | D        | Reached skill level 10 in Invocations
   541 | D        | Killed Duvessa
   541 | D        | Reached *** piety under Yredelemnul
   542 | D        | Reached skill level 11 in Fighting
   542 | D        | Killed Eustachio
   543 | D        | Your ally Erica died
   543 | D        | Killed Edmund
   545 | D        | Your ally Erolcha died
   546 | D        | Your ally Crazy Yiuf died
   547 | D        | Your ally Duvessa died
   548 | D        | Your ally Edmund died
   548 | D        | Killed Gastronok
   560 | D        | Got the ring of the Fifty Orbs {EV+5 Int+4}
   660 | D        | Entered arena 12.
   660 | D        | Noticed an orc sorcerer
   660 | D        | Noticed an orc high priest
   660 | D        | Noticed an orc sorcerer
   661 | D        | Noticed a soul eater
   661 | D        | Identified the ring "Ramaac" {rN+ Str+2 Int+4}
   661 | D        | Noticed an orc knight
   661 | D        | Identified the +6 scimitar "Juabeseju" {vamp, rCorr Stlth+}
   661 | D        | Noticed an orc knight
   662 | D        | Found a transporter.
   663 | D        | Noticed a sun demon
   663 | D        | Noticed an orange demon
   666 | D        | Noticed a soul eater
   667 | D        | Reached **** piety under Yredelemnul
   668 | D        | Killed an orc high priest
   669 | D        | Reached XP level 11. HP: 75/104 MP: 16/18
   672 | D        | Killed an orc sorcerer
   674 | D        | HP: 5/104 [soul eater[an orc sorcerer] (12)]
   676 | D        | Killed an orc sorcerer
   677 | D        | Reached skill level 12 in Fighting
   677 | D        | Reached skill level 10 in Maces & Flails
   678 | D        | Killed an orc knight
   679 | D        | Reached skill level 10 in Armour
   679 | D        | Reached skill level 10 in Shields
   679 | D        | Killed an orc knight
   687 | D        | Got the amulet of Wiuhodam {Reflect rPois Str+4 SH+5 SInv}
  1033 | D        | Entered arena 13.
  1034 | D        | Noticed an azure jelly
  1034 | D        | Noticed a shining eye
  1035 | D        | Found a transporter.
  1045 | D        | Killed an azure jelly
  1047 | D        | Killed a shining eye
  1048 | D        | Reached skill level 10 in Dodging
  1048 | D        | Reached skill level 10 in Evocations
  1063 | D        | Got Evayxzes's Monograph on Ignition
  1344 | D        | Entered arena 14.
  1345 | D        | Noticed an apis
  1345 | D        | Noticed a cherub
  1345 | D        | Found the +8 trishula "Condemnation" {holy, anguish, *Noise
                  | Fly rN+}
  1345 | D        | Noticed a daeva
  1345 | D        | Noticed a pearl dragon
  1353 | D        | Killed an apis
  1353 | D        | Killed a cherub
  1354 | D        | Reached skill level 13 in Fighting
  1359 | D        | Killed from afar by a pearl dragon

Illustrated notes

Levels and vault maps discovered:
D:        sprint_v [room_start, room_1, room_2, room_3, room_4, room_5, room_6,
          room_7, room_8, room_9, room_10, room_11, room_12, room_13, room_14,
          room_15, room_16, room_17, room_18, room_19, room_20, room_21,
          room_22, room_23, room_24, room_25, room_26, room_27]

Skill      XL: |  1  2  3  4  5  6  7  8  9 10 11 |
---------------+----------------------------------+-----
Fighting       | 4 5 7 8 9 10 11 13 | 13.1
Maces & Flails | 2 4 5 6 7 8 9 10 | 10.9
Armour         | 3 4 5 6 7 8 9 10 | 10.8
Dodging        | 1 3 4 5 6 8 9 10 | 10.3
Shields        | 3 4 5 6 7 8 9 10 | 10.7
Invocations    | 2 4 5 6 7 8 9 10 12 | 12.2
Evocations     | 1 3 4 5 6 8 9 10 | 10.4

Action                     |  1- 3 |  4- 6 |  7- 9 | 10-12 || total
---------------------------+-------+-------+-------+-------++-------
  Melee: Shillelagh        |     5 |     7 |    80 |    53 ||   145
 Invoke: Drain Life        |       |       |       |     1 ||     1
  Evoke: Wand              |       |       |       |     4 ||     4
    Use: Potion            |       |     1 |     1 |     1 ||     3
   Stab: Distracted        |       |       |       |     1 ||     1
 Armour: Plate armour      |     1 |     3 |    41 |    35 ||    80
  Dodge: Dodged            |       |     2 |     4 |    20 ||    26
  Block: Kite shield       |     3 |    18 |   118 |    81 ||   220
         Reflection        |       |       |       |     1 ||     1

Table legend: (Time is in decaauts)
 A = Elapsed time spent in this place.
 B = Non-inter-level travel time spent in this place.
 C = Inter-level travel time spent in this place.
 D = Time resting spent in this place.
 E = Time spent auto-exploring this place.
 F = Levels seen in this place.
 G = Mean time per level.
                   A        B        C        D        E       F      G
               +--------+--------+--------+--------+--------+-----+--------+
         Total |   1353 |   1349 |      4 |    878 |      0 |   1 | 1353.0 |
       Dungeon |   1353 |   1349 |      4 |    878 |      0 |   1 | 1353.0 |
               +--------+--------+--------+--------+--------+-----+--------+

Top non-repeatable levels by time:
       D: 1353 daAuts
